[Event "*** Titled Tuesday Blitz"]
[Site "Chess.com"]
[Date "2021.02.02"]
[Round "2"]
[White "Evgeny81"]
[Black "Love_craft"]
[Result "1-0"]
[WhiteElo "2745"]
[BlackElo "2500"]
[TimeControl "180+1"]
[EndTime "10:19:07 PST"]
[Termination "Evgeny81 won on time"]

1. e4 g6 2. d4 Bg7 3. Nc3 d6 4. f3 a6 5. Be3 b5 6. Qd2 Bb7 7. h4 h5 8. Nh3 Nf6 9. Ng5 O-O 10. O-O-O Nbd7 11. Rg1 Rc8 12. Kb1 c5 13. d5 Ne5 14.
Rc1 c4 15. Ne2 a5 16. Nd4 b4 17. Qf2 a4 18. g4 b3 19. gxh5 Nxh5 20. f4 Nd7 21.
Be2 a3 22. Bxh5 axb2 23. Kxb2 c3+ 24. Kb1 bxa2+ 25. Ka1 gxh5 26. Nge6 fxe6 27. Rxg7+ Kxg7 28. Nxe6+ Kh7 29. Nxd8 Rcxd8 30. Bd4 Nf6 31. Bxf6 exf6 32. Qf3 Kh6 33. Rg1 Rg8 34. Rxg8 Rxg8 35. Qxc3 1-0

[Event "*** Titled Tuesday Blitz"]
[Site "Chess.com"]
[Date "2021.02.02"]
[Round "2"]
[White "dozer80"]
[Black "gumimis"]
[Result "1-0"]
[WhiteElo "2590"]
[BlackElo "2323"]
[TimeControl "180+1"]
[EndTime "10:19:07 PST"]
[Termination "dozer80 won by resignation"]

1. e4 c6 2. d4 d5 3. e5 Bf5 4.
Nc3 e6 5. g4 Bg6 6. Nge2 c5 7.
Be3 Nc6 8. dxc5 Nxe5 9. Nd4 a6 10. f4 Nc6 11. f5 exf5 12. gxf5 Qe7 13. Nxd5 Qe5 14.
Nxc6 bxc6 15. fxg6 hxg6 16. Qf3 cxd5 17. O-O-O Nf6 18.
Bg2 Be7 19. Bf4 Qh5 20. Rhe1 Kf8 21. c6 Qxf3 22. Bxf3 Rh4 23. Bg3 Rc4 24. c7 Ne4 25. Bxe4 dxe4 26. b3 Rc6 27. Rxe4 f5 28. Red4 g5 29. Rd8+ Rxd8 30. Rxd8+ Bxd8 31. cxd8=Q+ 1-0

[Event "*** Titled Tuesday Blitz"]
[Site "Chess.com"]
[Date "2021.02.02"]
[Round "2"]
[White "druskacik"]
[Black "LyonBeast"]
[Result "0-1"]
[WhiteElo "2603"]
[BlackElo "3099"]
[TimeControl "180+1"]
[EndTime "10:19:09 PST"]
[Termination "LyonBeast won on time"]

1. e4 e5 2. Nf3 Nc6 3. Nc3 g6 4. d4 exd4 5. Nxd4 Bg7 6. Be3 Nge7 7. Qd2 d6 8. O-O-O O-O 9. Nxc6 bxc6 10. Bh6 Bh8 11.
h4 Rb8 12. h5 d5 13. hxg6 fxg6 14. Bc4 Rf7 15. Bb3 Be6 16. exd5 Bxd5 17. Rhe1 Bf6 18.
Bg5 Qd6 19. Bxf6 Qxf6 20. f3 Kg7 21. Qd4 Qxd4 22. Rxd4 Nf5 23. Ra4 Bxb3 24. axb3 Ra8 25. Rc4 Rf6 26. g4 Nd6 27. Rxc6 Rf7 28. Nd5 Nb5 29.
Rc5 a6 30. f4 Rd8 31. b4 c6 0-1

[Event "*** Titled Tuesday Blitz"]
[Site "Chess.com"]
[Date "2021.02.02"]
[Round "2"]
[White "sara_khm"]
[Black "andrzej"]
[Result "1-0"]
[WhiteElo "2480"]
[BlackElo "2288"]
[TimeControl "180+1"]
[EndTime "10:19:09 PST"]
[Termination "sara_khm won on time"]

1. d4 Nf6 2. c4 c5 3. d5 b5 4.
Qc2 b4 5. e4 d6 6. Nf3 g6 7.
Bd3 Bg7 8. h3 a5 9. a3 O-O 10.
O-O Ra7 11. Be3 Na6 12. Nbd2 e5 13. dxe6 Bxe6 14. Rad1 Qb8 15. Rfe1 h6 16. Bf4 Nd7 17. a4 Ne5 18. Nxe5 dxe5 19. Be3 Rd7 20. Nb3 Qb6 21. Be2 Rfd8 22. Bg4 Bxg4 23. hxg4 Rd4 24. Bxd4 cxd4 25. c5 Qc7 26. Qc4 Nb8 27. Qb5 Nc6 28. Qb6 Qd7 29.
Nxa5 Nxa5 30. Qxa5 Bf6 31. Qxb4 Qxg4 32. c6 Bh4 33.
Rd3 Rc8 34. Qc4 Bd8 35. Rg3 Qh5 36. b4 d3 37. Rxd3 Bb6 38. Rf3 Rc7 39. a5 Bd4 40. b5 Qg5 41. b6 Qd2 42. Rf1 Re7 43. c7 1-0

[Event "*** Titled Tuesday Blitz"]
[Site "Chess.com"]
[Date "2021.02.02"]
[Round "2"]
[White "ElGasanov"]
[Black "KyronGriffith"]
[Result "1-0"]
[WhiteElo "2813"]
[BlackElo "2516"]
[TimeControl "180+1"]
[EndTime "10:19:10 PST"]
[Termination "ElGasanov won by checkmate"]

1. d4 d5 2. c4 e6 3. Nf3 Be7 4. Nc3 Nf6 5. e3 O-O 6. a3 b6 7. b4 a5 8. b5 Bb7 9. Bb2 Nbd7 10. cxd5 Nxd5 11. Bd3 Nxc3 12. Bxc3 Bf6 13. O-O Re8 14. Qc2 g6 15. Be4 Bxe4 16. Qxe4 Nc5 17. Qc6 Na4 18. Bd2 e5 19. dxe5 Bxe5 20. Rad1 Nb2 21. Rb1 Re6 22.
Qc2 Nd3 23. Rfd1 Nc5 24. Bc3 Qe7 25. Nxe5 Rxe5 26. Bxe5 Qxe5 27. Rd4 Re8 28. Rbd1 Kg7 29. h3 h5 30. Qc4 Qe7 31. Rd5 Qe6 32. Qd4+ Kh7 33.
Rd8 Re7 34. Qh8# 1-0

[Event "*** Titled Tuesday Blitz"]
[Site "Chess.com"]
[Date "2021.02.02"]
[Round "2"]
[White "markowskitomasz"]
[Black "night_player"]
[Result "1-0"]
[WhiteElo "2628"]
[BlackElo "2273"]
[TimeControl "180+1"]
[EndTime "10:19:10 PST"]
[Termination "markowskitomasz won by resignation"]

1. d4 f5 2. Nf3 d6 3. e3 Nf6 4. Be2 g6 5. O-O Bg7 6. c4 O-O 7. Nc3 c6 8. b4 Qc7 9. Rb1 e5 10.
b5 e4 11. Nd2 Be6 12. a4 Bf7 13.
Ba3 Rd8 14. Qb3 Nbd7 15. Rfc1 c5 16. Nd5 Nxd5 17. cxd5 b6 18. f3 Nf6 19. fxe4 fxe4 20. Bc4 Qb7 21. Rf1 Bxd5 22. Rxf6 Bxc4 23. Qxc4+ d5 24.
Qf1 Bxf6 25. Qxf6 Rac8 26. Rf1 Qd7 27. dxc5 bxc5 28. Nxe4 Rf8 29. Bxc5 dxe4 30. Bxf8 1-0

[Event "*** Titled Tuesday Blitz"]
[Site "Chess.com"]
[Date "2021.02.02"]
[Round "2"]
[White "MillyNeuf"]
[Black "Naaas1"]
[Result "0-1"]
[WhiteElo "2348"]
[BlackElo "2754"]
[TimeControl "180+1"]
[EndTime "10:19:11 PST"]
[Termination "Naaas1 won on time"]

1. e4 c5 2. Nf3 d6 3. d4 cxd4 4.
Nxd4 Nf6 5. Nc3 Nc6 6. Bg5 Bd7 7. Qd2 Rc8 8. O-O-O Nxd4 9. Qxd4 Qa5 10. f4 Rxc3 11. Qxc3 Qxc3 12. bxc3 Nxe4 13. Re1 Nxg5 14. fxg5 g6 15.
g3 Bc6 16. Rg1 h6 17. gxh6 Bxh6+ 18. Kb2 Bg7 19. h4 e6 20. Bg2 Rh5 21. Bxc6+ bxc6 22. a4 g5 23. Rh1 Be5 24. Re3 Ke7 25. Kb3 Bf6 26.
c4 gxh4 27. gxh4 Rxh4 28. Rxh4 Bxh4 29. Rf3 e5 30. Kb4 Ke6 31. Ka5 Bd8+ 32. Ka6 Bb6 33. Kb7 e4 34. Rf1 f5 35. Kxc6 e3 36. a5 Bxa5 37. Rd1 e2 38. Rxd6+ Ke7 39. Rd7+ Ke8 40. Rd5 e1=Q 0-1

[Event "*** Titled Tuesday Blitz"]
[Site "Chess.com"]
[Date "2021.02.02"]
[Round "2"]
[White "nocnypako"]
[Black "FairChess_on_YouTube"]
[Result "0-1"]
[WhiteElo "2581"]
[BlackElo "2918"]
[TimeControl "180+1"]
[EndTime "10:19:12 PST"]
[Termination "FairChess_on_YouTube won by checkmate"]

1. d4 d5 2. c4 c6 3. Nf3 Nf6 4. Nc3 a6 5. c5 Bf5 6. Bf4 Nbd7 7. h3 g6 8. e3 Bg7 9. Be2 O-O 10. O-O Ne4 11. g4 Be6 12. Nd2 f5 13. Ncxe4 fxe4 14. f3 Rxf4 15. exf4 Bxd4+ 16. Kg2 Nxc5 17. Nb3 Nxb3 18.
axb3 Bxb2 19. Ra2 Bg7 20. fxe4 Qb6 21. e5 Rf8 22. Bd3 d4 23. Bc4 c5 24. Qf3 Bxc4 25.
bxc4 Qb4 26. Qd3 Qb6 27. Rb1 Qc6+ 28. Kg3 g5 29. fxg5 Bxe5+ 30. Kh4 Rf3 31. Qe2 Bg3+ 32.
Kh5 Qg6# 0-1

[Event "*** Titled Tuesday Blitz"]
[Site "Chess.com"]
[Date "2021.02.02"]
[Round "2"]
[White "FMalexhdez"]
[Black "PelinGorki"]
[Result "0-1"]
[WhiteElo "2212"]
[BlackElo "2440"]
[TimeControl "180+1"]
[EndTime "10:19:14 PST"]
[Termination "PelinGorki won by resignation"]

1. e4 d6 2. d4 Nf6 3. Nc3 c6 4. Nf3 Bg4 5. Be2 e6 6. h3 Bh5 7. O-O Be7 8. a4 O-O 9. Be3 d5 10. e5 Nfd7 11. g4 Bg6 12. Kg2 c5 13. Rh1 Nc6 14. h4 cxd4 15. Bxd4 Be4 16. Nxe4 dxe4 17. Ng5 Bxg5 18. hxg5 Qxg5 19. Be3 Qe7 20. Qg1 f5 21. exf6 Nxf6 22. Qh2 g6 23. Bg5 Rf7 24.
Rad1 Rd8 25. Rxd8+ Qxd8 26. Rd1 Qb6 27. Bxf6 Rxf6 28. Qh4 Rf7 29. Bc4 Ne5 30. Bb3 e3 31.
Rd8+ Kg7 32. g5 Qxd8 33. Qh6+ Kh8 0-1

[Event "*** Titled Tuesday Blitz"]
[Site "Chess.com"]
[Date "2021.02.02"]
[Round "2"]
[White "Mr_Penings"]
[Black "Sviridov_Valery"]
[Result "1-0"]
[WhiteElo "2603"]
[BlackElo "2936"]
[TimeControl "180+1"]
[EndTime "10:19:15 PST"]
[Termination "Mr_Penings won by resignation"]

1. c4 g6 2. g3 Bg7 3. Bg2 c5 4. Nc3 Nc6 5. d3 e6 6. h4 h6 7.
h5 g5 8. f4 gxf4 9. Bxf4 d6 10. Nf3 Nge7 11. Qd2 a6 12. O-O-O b5 13. Rdf1 e5 14.
Be3 Be6 15. b3 Qd7 16. Nh4 d5 17. Bxc5 Rc8 18. cxd5 Nxd5 19. Ne4 Nce7 20. Kb1 O-O 21. Rc1 f5 22. Nf2 b4 23. Bxb4 Nxb4 24. Qxb4 Nd5 25. Bxd5 Bxd5 26. e4 fxe4 27. Nxe4 Qg4 28. Nf6+ 1-0

[Event "*** Titled Tuesday Blitz"]
[Site "Chess.com"]
[Date "2021.02.02"]
[Round "2"]
[White "floplover"]
[Black "Nikolakis2014"]
[Result "0-1"]
[WhiteElo "2309"]
[BlackElo "2634"]
[TimeControl "180+1"]
[EndTime "10:19:16 PST"]
[Termination "Nikolakis2014 won on time"]

1. d4 Nf6 2. c4 e6 3. Nc3 Bb4 4. Qc2 O-O 5. e4 d5 6. e5 Ne4 7. Bd3 c5 8. Nf3 cxd4 9. Nxd4 Nd7 10. Bf4 Qb6 11. Bxe4 dxe4 12. Qxe4 Nc5 13. Qe3 Bxc3+ 14.
bxc3 a6 15. O-O Qc7 16. Rfe1 b6 17. Qg3 Kh8 18. Qh4 Bb7 19. Re3 Be4 20. Rh3 Bg6 21. Re1 Nd3 22. Ree3 Qxc4 23. Bg5 Qxc3 24. g3 Qa1+ 25.
Kg2 Ne1+ 26. Rxe1 Qxe1 27. Nf3 Qe4 28. Bf4 Rfc8 29. Qg4 Rc3 30. Rh4 Rac8 31. a4 b5 0-1

[Event "*** Titled Tuesday Blitz"]
[Site "Chess.com"]
[Date "2021.02.02"]
[Round "2"]
[White "Caracternin123"]
[Black "Snowflake"]
[Result "1-0"]
[WhiteElo "2680"]
[BlackElo "2339"]
[TimeControl "180+1"]
[EndTime "10:19:17 PST"]
[Termination "Caracternin123 won by checkmate"]

1. e4 c5 2. Nf3 Nc6 3. d4 cxd4 4.
Nxd4 Nf6 5. Nc3 e5 6. Ndb5 d6 7.
Bg5 a6 8. Na3 Be7 9. Bxf6 Bxf6 10.
Nd5 b5 11. c4 b4 12. Nc2 Bg5 13.
g3 Rb8 14. b3 Be6 15. h4 Bh6 16. Bh3 O-O 17. Kf1 g6 18. Kg2 a5 19. h5 Bg7 20.
hxg6 hxg6 21. Bxe6 fxe6 22. Nde3 Nd4 23. Ng4 d5 24. Qd2 g5 25. Nxd4 exd4 26. exd5 exd5 27. Nh6+ Bxh6 28. Rxh6 dxc4 29. bxc4 Rb7 30. Rah1 Rg7 31. Qd3 Qa8+ 32. Kg1 Kf7 33. Qf5+ Ke8 34. Re6+ Re7 35. Rxe7+ Kd8 36. Qxf8# 1-0

[Event "*** Titled Tuesday Blitz"]
[Site "Chess.com"]
[Date "2021.02.02"]
[Round "2"]
[White "PetrolulSah"]
[Black "Srisshhhtea"]
[Result "0-1"]
[WhiteElo "2185"]
[BlackElo "2424"]
[TimeControl "180+1"]
[EndTime "10:19:17 PST"]
[Termination "Srisshhhtea won on time"]

1. d4 d5 2. c4 e6 3. Nf3 Nf6 4. Nc3 Be7 5. g3 O-O 6. Bg2 dxc4 7. O-O Qd6 8. Ne5 Qa6 9. Qa4 Rd8 10. e3 Qxa4 11.
Nxa4 c6 12. Nc3 Nbd7 13. Nxc4 Nb6 14. Ne5 Nfd7 15. Nf3 c5 16. Rd1 cxd4 17. Nxd4 Nc5 18. b3 e5 19. Ndb5 Bg4 20. f3 Rxd1+ 21. Nxd1 Bd7 22.
Ndc3 Bc6 23. Ba3 a6 24. Nc7 Rc8 25. Na4 Nbxa4 26. bxa4 Rxc7 27. a5 Rd7 28. h4 Kf8 29.
h5 Ne6 30. Bb2 f6 31. h6 gxh6 32. Bh3 Kf7 33. f4 Rd2 34. Bc1 Rc2 35. fxe5 Bc5 36. Kf1 Bb5+ 0-1

[Event "*** Titled Tuesday Blitz"]
[Site "Chess.com"]
[Date "2021.02.02"]
[Round "2"]
[White "K_A_S_T_O_R"]
[Black "mjray79"]
[Result "1/2-1/2"]
[WhiteElo "2750"]
[BlackElo "2511"]
[TimeControl "180+1"]
[EndTime "10:19:19 PST"]
[Termination "Game drawn by repetition"]

1. e4 d5 2. exd5 Qxd5 3. Nc3 Qa5 4. g3 Nf6 5. Bg2 c6 6. h3 Bf5 7.
Nf3 Na6 8. O-O O-O-O 9. d3 e5 10. Qe2 Bd6 11. a3 Rhe8 12. Ng5 Re7 13. Bd2 Qc7 14.
b4 Qd7 15. Kh2 h6 16. Nge4 Nd5 17. Nxd6+ Qxd6 18. Ne4 Bxe4 19. Qxe4 Qe6 20. Rfe1 f5 21. Qc4 f4 22. b5 Nac7 23. bxc6 Qxc6 24. Qxc6 bxc6 25.
gxf4 Rf8 26. Rxe5 Rxe5 27. fxe5 Rxf2 28. Rd1 Ne6 29. Kg3 Rf5 30. Re1 Kd7 31. c3 h5 32. h4 g5 33. hxg5 h4+ 34. Kxh4 Rf2 35. Bxd5 cxd5 36. Be3 Rh2+ 37. Kg4 Rg2+ 38. Kf5 Rg3 39.
g6 Ke7 40. d4 Ng7+ 41. Kf4 Nh5+ 42. Kf5 Ng7+ 43. Kf4 Nh5+ 44. Kf5 Ng7+ 1/2-1/2

[Event "*** Titled Tuesday Blitz"]
[Site "Chess.com"]
[Date "2021.02.02"]
[Round "2"]
[White "Noam_Vitenberg"]
[Black "QuintilianoR"]
[Result "1-0"]
[WhiteElo "2508"]
[BlackElo "2713"]
[TimeControl "180+1"]
[EndTime "10:19:19 PST"]
[Termination "Noam_Vitenberg won by resignation"]

1. Nf3 Nf6 2. e3 e6 3. Be2 d5 4. O-O Be7 5. b3 O-O 6. Bb2 c5 7. c4 Nc6 8. d4 cxd4 9. Nxd4 Bd7 10. Nd2 Rc8 11. Rc1 Bd6 12. cxd5 Nxd5 13. Nc4 Bb8 14. Bf3 Nf6 15. Nb5 Ne5 16. Nbd6 Nxf3+ 17. Qxf3 Bc6 18. Bxf6 Bxf3 19. Bxd8 Rcxd8 20. gxf3 Bxd6 21. Nxd6 Rxd6 22. Rc7 Rd2 23. a4 b6 24. b4 Rb2 25.
b5 g6 26. Rd1 Rb4 27. Rxa7 Rc8 28. Rdd7 Rc1+ 29. Kg2 Rc2 30. Rxf7 Rbb2 31. Rg7+ Kf8 32. Rxh7 Rxf2+ 33. Kg3 Rg2+ 34. Kf4 Kg8 35. Rhc7 g5+ 1-0

[Event "*** Titled Tuesday Blitz"]
[Site "Chess.com"]
[Date "2021.02.02"]
[Round "2"]
[White "Mbneu"]
[Black "anon481216"]
[Result "1-0"]
[WhiteElo "2290"]
[BlackElo "2457"]
[TimeControl "180+1"]
[EndTime "10:19:19 PST"]
[Termination "Mbneu won by resignation"]

1. d4 Nf6 2. c4 e6 3. Nc3 Bb4 4. Bg5 h6 5. Bh4 c5 6. d5 d6 7. e3 exd5 8. cxd5 Nbd7 9. Bd3 Qa5 10. Ne2 Nxd5 11. O-O Bxc3 12. bxc3 c4 13. Be4 N7b6 14.
Bxd5 Qxd5 15. Qxd5 Nxd5 16. Rfd1 Be6 17. e4 Nc7 18. Rxd6 Nb5 19. Rd2 g5 20. Bg3 Na3 21.
Bd6 Nb5 22. Be5 Rf8 23. Rb1 a6 24. a4 f6 25. Bg3 Na7 26. Rxb7 Nc6 27. Rd6 Nd8 28. Rbb6 Ke7 29. Nd4 Bd7 30. Nf5+ Bxf5 31. exf5 Ra7 32. h3 a5 33. Rd4 Rb7 34. Bd6+ Ke8 35. Rxb7 Nxb7 36. Bxf8 Kxf8 37. Rxc4 Nd6 38. Rc5 1-0

[Event "*** Titled Tuesday Blitz"]
[Site "Chess.com"]
[Date "2021.02.02"]
[Round "2"]
[White "IDontWannaRecognized"]
[Black "IMAghasiyevKamal"]
[Result "1-0"]
[WhiteElo "2272"]
[BlackElo "2600"]
[TimeControl "180+1"]
[EndTime "10:19:20 PST"]
[Termination "IDontWannaRecognized won on time"]

1. d4 d5 2. Bf4 Nf6 3. e3 a6 4.
Nf3 e6 5. Nbd2 b5 6. Bd3 Bb7 7. Qe2 c5 8. c3 Nbd7 9. Ne5 Be7 10. O-O O-O 11. Qf3 Nxe5 12. dxe5 Nd7 13. Qh3 g6 14.
Nf3 Re8 15. Rfe1 Nf8 16. Rad1 Qc7 17. Qh6 Rad8 18. h4 Nd7 19. Ng5 Bxg5 20. hxg5 Nxe5 21.
Qh2 Ng4 22. Bxc7 Nxh2 23. Bxd8 Ng4 24. Bf6 1-0

[Event "*** Titled Tuesday Blitz"]
[Site "Chess.com"]
[Date "2021.02.02"]
[Round "2"]
[White "Sibelephant"]
[Black "louis198"]
[Result "1-0"]
[WhiteElo "3051"]
[BlackElo "2602"]
[TimeControl "180+1"]
[EndTime "10:19:21 PST"]
[Termination "Sibelephant won by resignation"]

1. d4 e6 2. Nf3 d5 3. c4 c6 4.
Nbd2 Nf6 5. g3 Be7 6. Bg2 O-O 7. O-O Ne4 8. Nxe4 dxe4 9. Ne1 f5 10. f3 exf3 11. Nxf3 Bf6 12. Qd3 Na6 13. Bf4 c5 14. e3 cxd4 15. exd4 Nc5 16. Qe3 Ne4 17. Rad1 Bd7 18.
Be5 Rc8 19. Bxf6 Nxf6 20. Ne5 Ng4 21. Nxg4 fxg4 22. Rxf8+ Qxf8 23. c5 b6 24. c6 Be8 25.
Qxe6+ Bf7 26. Qe5 Re8 27. Qf4 Qb4 28. Rf1 Bc4 29. a3 Qxb2 30. Rc1 Re2 31. Bf1 Rxh2 32. Bxc4+ 1-0

[Event "*** Titled Tuesday Blitz"]
[Site "Chess.com"]
[Date "2021.02.02"]
[Round "2"]
[White "Paralinch"]
[Black "maximnovik"]
[Result "1-0"]
[WhiteElo "2887"]
[BlackElo "2563"]
[TimeControl "180+1"]
[EndTime "10:19:21 PST"]
[Termination "Paralinch won by resignation"]

1. e4 c6 2. d4 d5 3. e5 Bf5 4. h4 h6 5. Nc3 e6 6. Bd3 Ne7 7.
Nce2 c5 8. c3 cxd4 9. cxd4 Nbc6 10. Bxf5 Nxf5 11. Nf3 h5 12. Kf1 Be7 13. g3 Qb6 14. Kg2 O-O 15. Rb1 f6 16. Nf4 Ncxd4 17. Nxd4 Qxd4 18. Qxd4 Nxd4 19. exf6 Bxf6 20. Nxh5 Rac8 21.
Be3 Nf5 22. Bxa7 e5 23. Rhc1 d4 24. Nxf6+ gxf6 25. b4 Kf7 26. a4 Ke6 27. b5 Rc3 28. a5 Nd6 29. Rxc3 dxc3 30. Bc5 Ne4 31. Bxf8 1-0

[Event "*** Titled Tuesday Blitz"]
[Site "Chess.com"]
[Date "2021.02.02"]
[Round "2"]
[White "Susal_De_Silva"]
[Black "BikingBrian"]
[Result "1-0"]
[WhiteElo "2587"]
[BlackElo "2323"]
[TimeControl "180+1"]
[EndTime "10:19:21 PST"]
[Termination "Susal_De_Silva won by resignation"]

1. e4 c5 2. Nf3 g6 3. d4 cxd4 4. Nxd4 Nc6 5. c4 Nf6 6. Nc3 d6 7. Be2 Nxd4 8. Qxd4 Bg7 9. Be3 O-O 10. Qd2 a5 11.
O-O a4 12. Rac1 Qa5 13. f3 Be6 14. Rfd1 Rfc8 15. b3 axb3 16. axb3 Qb4 17. Rb1 Ra3 18. Qc2 Nd7 19. Bd2 Qb6+ 20. Kf1 Rca8 21. Na4 Qc7 22. Bb4 R3xa4 23. bxa4 Nc5 24. Bxc5 dxc5 25. Rb5 Bd4 26. g3 h5 27. Kg2 h4 28. Qb3 h3+ 29. Kh1 Qe5 30. Rxb7 g5 31. Rb1 Kg7 32. Rb8 Rxb8 33.
Qxb8 Qf6 34. a5 Be5 35. Qb3 g4 36. a6 gxf3 37. Qxf3 Qg5 38. a7 Qd2 39. a8=Q Qc2 40. Rf1 Bxc4 41. Bxc4 Qxc4 42. Qd5 Qxd5 43. exd5 1-0

[Event "*** Titled Tuesday Blitz"]
[Site "Chess.com"]
[Date "2021.02.02"]
[Round "2"]
[White "Aygehovit1992"]
[Black "JoachimMouhamad"]
[Result "1-0"]
[WhiteElo "2634"]
[BlackElo "2316"]
[TimeControl "180+1"]
[EndTime "10:19:22 PST"]
[Termination "Aygehovit1992 won by resignation"]

1. e4 e5 2. Bc4 Nf6 3. d3 c6 4.
Nf3 Be7 5. O-O d6 6. a4 O-O 7. a5 h6 8. Re1 Nbd7 9. Nbd2 Nh7 10. Nf1 Ng5 11. Ng3 Nxf3+ 12. Qxf3 Bg5 13. Nf5 Bxc1 14.
Raxc1 Qf6 15. b4 Re8 16. Nxd6 Qxd6 17. Qxf7+ Kh7 18. Qxe8 Nf6 19. Qf7 Bd7 20. Bb3 Qxb4 21. Qc4 Qxa5 22. d4 Qc7 23. Rcd1 a5 24. f4 exf4 25.
e5 Ng4 26. e6 Be8 27. d5 Qb6+ 28. Qd4 c5 29. Qxf4 c4+ 30. Qd4 Qxd4+ 31. Rxd4 cxb3 32. Rxg4 b2 33. Rb1 Rd8 34. c4 b5 35. cxb5 Rxd5 36.
Rxb2 Bxb5 37. e7 Be8 38. Rb8 Bb5 39. Rxb5 1-0

[Event "*** Titled Tuesday Blitz"]
[Site "Chess.com"]
[Date "2021.02.02"]
[Round "2"]
[White "ChampStan"]
[Black "Kildepiotr"]
[Result "1-0"]
[WhiteElo "2148"]
[BlackElo "2590"]
[TimeControl "180+1"]
[EndTime "10:19:22 PST"]
[Termination "ChampStan won by checkmate"]

1. d4 c5 2. d5 e5 3. c4 d6 4. Nc3 Be7 5. e4 Bg5 6. g3 Bxc1 7. Qxc1 Ne7 8. h4 O-O 9. Bh3 f5 10. Nf3 h6 11. Qc2 fxe4 12. Bxc8 Qxc8 13. Qxe4 Nd7 14. Qd3 Nf6 15. Ne4 Qg4 16. Nfd2 Nxe4 17. Qxe4 Qd7 18. O-O Nf5 19. Nf3 a6 20. a4 b5 21.
axb5 axb5 22. Rxa8 Rxa8 23. cxb5 Ne7 24. Nxe5 Qxb5 25.
Nc6 Nxc6 26. dxc6 Kh8 27. Rd1 Qxb2 28. Rxd6 Rc8 29. Qd5 Qb6 30. h5 Re8 31. Rd7 Rf8 32. c7 c4 33. Qd4 Qb1+ 34. Kh2 Qf5 35. Qxg7# 1-0

[Event "*** Titled Tuesday Blitz"]
[Site "Chess.com"]
[Date "2021.02.02"]
[Round "2"]
[White "kamilianin235"]
[Black "Das_Virus_2020"]
[Result "1-0"]
[WhiteElo "2236"]
[BlackElo "2427"]
[TimeControl "180+1"]
[EndTime "10:19:22 PST"]
[Termination "kamilianin235 won by resignation"]

1. e4 e6 2. d4 d5 3. Nd2 Nf6 4. e5 Nfd7 5. Bd3 c5 6. c3 Nc6 7. Ne2 cxd4 8. cxd4 f6 9. exf6 Nxf6 10. Nf3 Bd6 11. O-O O-O 12. Re1 Qc7 13. Ng3 e5 14.
dxe5 Nxe5 15. Nd4 Nxd3 16. Qxd3 a6 17. b3 Bb4 18. Bd2 Bd6 19. Rac1 Qf7 20. Bc3 Bxg3 21. fxg3 Bd7 22. Bb4 Rfe8 23. Rf1 Qh5 24. h3 Rac8 25. Rxc8 Bxc8 26. g4 Qg6 27. Nf5 Bxf5 28. gxf5 Qg5 29. Bc3 Rd8 30. Be5 h6 31. Qd4 Kh7 32. Bxf6 gxf6 33.
Re1 Rd7 34. Qd3 d4 35. Re8 Qf4 36. Qc4 Rg7 37. Qc8 Qc1+ 38. Qxc1 1-0

[Event "*** Titled Tuesday Blitz"]
[Site "Chess.com"]
[Date "2021.02.02"]
[Round "2"]
[White "GOGIEFF"]
[Black "Chernobay_Artem"]
[Result "1-0"]
[WhiteElo "2912"]
[BlackElo "2577"]
[TimeControl "180+1"]
[EndTime "10:19:24 PST"]
[Termination "GOGIEFF won by resignation"]

1. d4 Nf6 2. c4 g6 3. Nc3 Bg7 4. e4 d6 5. Be2 O-O 6. Bg5 Na6 7.
Qd2 e5 8. d5 Nc5 9. f3 a5 10.
g4 Bd7 11. Nh3 c6 12. Nf2 a4 13. h4 Qa5 14. h5 cxd5 15. cxd5 b5 16. h6 Bh8 17.
Ncd1 Rfc8 18. Qxa5 Rxa5 19. Rc1 Raa8 20. Be3 Ne8 21. g5 f6 22. Nh3 fxg5 23. Nxg5 Bf6 24. Nf2 b4 25. O-O Bd8 26. Nd3 Bb5 27. Bxc5 dxc5 28. Ne6 Bxd3 29. Bxd3 Bb6 30. Bb5 Nd6 31.
Bc6 Ra7 32. Kg2 Rf7 33. Nxc5 Rcf8 34. Ne6 Rc8 35. Bxa4 Rxc1 36. Rxc1 Ra7 37. b3 Be3 38. Rc6 Nf7 39. Rc8+ 1-0

[Event "*** Titled Tuesday Blitz"]
[Site "Chess.com"]
[Date "2021.02.02"]
[Round "2"]
[White "anon102030"]
[Black "Yaryi_sergey"]
[Result "1-0"]
[WhiteElo "2731"]
[BlackElo "2492"]
[TimeControl "180+1"]
[EndTime "10:19:24 PST"]
[Termination "anon102030 won by resignation"]

1. e4 c6 2. d3 g6 3. Nd2 Bg7 4. g3 d5 5. Bg2 e5 6. Ngf3 Ne7 7. Qe2 f6 8. O-O O-O 9. b3 Na6 10. Bb2 d4 11. Nh4 g5 12. Nf5 Nxf5 13. exf5 Bxf5 14.
f4 exf4 15. gxf4 g4 16. Qf2 Qd7 17. Bxd4 b6 18. Bc3 Nc5 19. Rae1 Rae8 20. Bb4 Rxe1 21. Rxe1 Bxd3 22. Bxc5 bxc5 23. cxd3 Qxd3 24. Nc4 f5 25. Ne5 Qc3 26. Bxc6 Rd8 27. Bb5 Rd4 28. Bc4+ Kf8 29. Qe3 Qxe3+ 30. Rxe3 Bh6 31. Nd3 Bxf4 32. Nxf4 Rxf4 33.
Re5 Kg7 34. Rxc5 h5 35. Rc7+ Kf6 36. Rxa7 Rd4 37. a4 h4 38. Rf7+ Ke5 39. a5 Rd1+ 40. Bf1 f4 41. a6 Ra1 42. Rh7 h3 43. a7 Kf5 44. b4 Ke4 45. b5 g3 46. hxg3 fxg3 47.
Rxh3 Kf3 48. a8=Q+ Rxa8 49. Bg2+ Kg4 50. Rxg3+ Kxg3 51. Bxa8 Kf4 52. b6 Ke5 53. b7 Kd6 54. b8=Q+ Kc5 55. Qb7 Kd4 56. Kf2 Ke5 1-0

[Event "*** Titled Tuesday Blitz"]
[Site "Chess.com"]
[Date "2021.02.02"]
[Round "2"]
[White "Kiborg95"]
[Black "leoduarte"]
[Result "1-0"]
[WhiteElo "2637"]
[BlackElo "2344"]
[TimeControl "180+1"]
[EndTime "10:19:25 PST"]
[Termination "Kiborg95 won by checkmate"]

1. e4 c5 2. Nc3 e6 3. Nf3 Nc6 4. d4 cxd4 5. Nxd4 Qc7 6. Be3 a6 7. f4 d6 8. Nb3 Nf6 9. Bd3 b5 10. O-O Bb7 11. Qf3 Be7 12. Qh3 Rc8 13. Rae1 h5 14.
Kh1 Ng4 15. Bg1 Bf6 16. Be2 g6 17. Bxg4 hxg4 18. Qxg4 Nb4 19. Nd4 Ke7 20. e5 Bg7 21. f5 dxe5 22. fxe6 f6 23. Qxg6 exd4 24. Qxg7+ Kd6 25.
e7 Rcg8 26. Rxf6+ Kc5 27. Bxd4+ Kxd4 28. Rd6+ Kc5 29. Qd4# 1-0

[Event "*** Titled Tuesday Blitz"]
[Site "Chess.com"]
[Date "2021.02.02"]
[Round "2"]
[White "Eltaj_Safarli"]
[Black "Beltraxtor"]
[Result "1-0"]
[WhiteElo "2936"]
[BlackElo "2586"]
[TimeControl "180+1"]
[EndTime "10:19:26 PST"]
[Termination "Eltaj_Safarli won by resignation"]

1. e4 e5 2. Nf3 Nf6 3. Nc3 Nc6 4. a3 Be7 5. d4 exd4 6. Nxd4 O-O 7. Nxc6 bxc6 8. e5 Ne8 9. Bd3 d6 10. Bf4 Rb8 11.
Rb1 dxe5 12. Bxe5 Bd6 13. Qe2 Nf6 14. O-O Bxe5 15. Qxe5 Re8 16. Qc5 Qd6 17. Qxa7 Ng4 18. g3 Be6 19. Ne4 Qe5 20. h3 Nf6 21. Qc5 Bd5 22.
Nc3 Qh5 23. Nxd5 cxd5 24. Kg2 Ne4 25. Bxe4 Rxe4 26. Rfe1 Rbe8 27. Rxe4 Rxe4 28. Qxc7 g6 29.
Qc8+ Kg7 30. Qc3+ Kg8 31. Re1 Qf5 32. Rxe4 Qxe4+ 33. Kg1 Qe2 34. a4 h5 35. h4 Kh7 36.
Qd3 Qe1+ 37. Kg2 Qe5 38. b4 Qb8 39. b5 Qa8 40. Qd4 Kg8 41. b6 1-0

[Event "*** Titled Tuesday Blitz"]
[Site "Chess.com"]
[Date "2021.02.02"]
[Round "2"]
[White "francyIM"]
[Black "Chessbard1972"]
[Result "1-0"]
[WhiteElo "2660"]
[BlackElo "2399"]
[TimeControl "180+1"]
[EndTime "10:19:26 PST"]
[Termination "francyIM won on time"]

1. d4 Nf6 2. Nc3 d5 3. Bf4 Bf5 4. f3 e6 5. g4 Bg6 6. h4 h5 7. g5 Nfd7 8. e4 c6 9. Bd3 Bb4 10. Ne2 Na6 11. exd5 Bxd3 12. Qxd3 exd5 13. g6 Qf6 14. gxf7+ Qxf7 15. O-O-O O-O-O 16. Bg3 Nb6 17. a3 Bd6 18. Rdg1 Nc4 19. Bxd6 Rxd6 20. Rg3 Re8 21.
Rhg1 Re3 22. Rxg7 Qf6 23. Rg8+ Rd8 24. Rxd8+ Kxd8 25. Qh7 Re7 26. Qxh5 Kc7 27. f4 Qe6 28.
Kb1 Nd2+ 29. Ka2 Ne4 30. Qe5+ Kb6 31. Nxe4 dxe4+ 32. Qxe6 Rxe6 33. Rg5 Nc7 34. c4 Rh6 35. h5 a5 36. f5 e3 37. Nf4 Ne8 38. Rg6 Rh7 39.
Re6 Rd7 40. Rxe8 Rxd4 41. Ne2 Rxc4 42. Rxe3 Rh4 43. f6 Rxh5 44. Rf3 Rh8 45. f7 Rf8 46. Nd4 a4 47. Ne6 Rxf7 48. Rxf7 1-0